Sharks vs Wolves

Created - Thursday, November 13, 2014 at 22:41

Goals
1 2 3 T
Sharks 1 0 0 1
Wolves 0 0 5 5
Shots
1 2 3 T
Sharks 5 5 9 19
Wolves 4 2 16 22

1st period

1. Sharks , Mike Halmo 8 (Luke Glendening) at 12:57

Penalties :
Jared Boll (CHI) for Fighting (Major) at 0:27, Marek Hrivik (WOR) for Fighting (Major) at 0:27, Daniel Carcillo (CHI) for Fighting (Major) at 1:41, Mike Halmo (WOR) for Fighting (Major) at 1:41, Jared Boll (CHI) for Fighting (Major) at 10:45, Brendan Mikkelson (WOR) for Fighting (Major) at 10:45, Jared Boll (CHI) for instigated a fight (Minor) at 10:45, Jared Boll (CHI) for instigated a fight (10 Minutes Misconduct) at 10:45, Aaron Volpatti (CHI) for Fighting (Major) at 16:22, Mike Halmo (WOR) for Fighting (Major) at 16:22

2nd period

No Goal

Penalties :
Louis Leblanc (WOR) for Hooking (Minor) at 6:28

3rd period

2. Wolves , Yannick Weber 10 (Chris Terry) at 8:07 (SH)
3. Wolves , Jordan Schroeder 8 (Chris Terry, Corbin McPherson) at 10:43 (PP)
4. Wolves , Daniel Carcillo 1 (Jared Boll) at 12:15
5. Wolves , Cedric Paquette 2 (Scott Glennie, Jared Boll) at 13:20 (PP)
6. Wolves , Yannick Weber 11 (Jordan Schroeder, Daniel Carcillo) at 17:40

Penalties :
Alexandre Bolduc (WOR) for Holding (Minor) at 0:52, Chris Terry (CHI) for Tripping (Minor) at 3:53, Cedric Paquette (CHI) for Roughing (Minor) at 7:06, Aaron Volpatti (CHI) for Fighting (Major) at 9:46, Wade Brookbank (WOR) for Fighting (Major) at 9:46, Wade Brookbank (WOR) for instigated a fight (Minor) at 9:46, Wade Brookbank (WOR) for instigated a fight (10 Minutes Misconduct) at 9:46, Brendan Mikkelson (WOR) for Goalie Interference (Minor) at 13:01, Cedric Paquette (CHI) for Slashing (Minor) at 13:56, Mike Halmo (WOR) for Roughing (Minor) at 15:35, Kent Huskins (CHI) for Hooking (Minor) at 19:30

Goalie Stats

Dov Grumet-Morris (WOR), 17 saves from 22 shots - (0.773), L, 3-6-1, 60:00 minutes
Scott Wedgewood (CHI), 18 saves from 19 shots - (0.947), W, 1-1-2, 60:00 minutes

Players Stats for Sharks

Player Name              G  A  P  +/- PIM S  H  SB GA TA FO     MP     PP MP  PK MP  
------------------------------------------------------------------------------------
Alexandre Bolduc         0  0  0  -1  2   4  0  1  0  0  1/2    14:46   0:00   0:54 
Andy Andreoff            0  0  0  -1  0   1  2  0  0  0  3/6    15:42   0:00   0:00 
Bobby Farnham            0  0  0   0  0   0  0  0  0  0  1/2     6:31   0:00   0:00 
Brendan Mikkelson        0  0  0  -2  7   1  0  1  0  1  0/0    25:18   4:08   4:02 
Dominik Uher             0  0  0   0  0   0  0  1  0  0  11/27  25:33   4:36   5:39 
Eric Selleck             0  0  0   0  0   0  0  0  0  0  0/0     2:59   0:00   0:12 
Joey Mormina             0  0  0   0  0   0  2  1  0  0  0/0    14:26   0:00   2:12 
John Kurtz               0  0  0   0  0   0  0  0  0  0  0/0     0:00   0:00   0:00 
Louis Leblanc            0  0  0  -1  2   1  1  0  3  1  6/9    17:07   3:28   0:00 
Luke Glendening          0  1  1   1  0   1  1  2  3  0  0/1    20:00   4:36   0:00 
Marek Hrivik             0  0  0  -1  5   1  1  0  1  0  0/1    14:50   3:28   0:20 
Mark Barberio            0  0  0  -1  0   2  0  1  3  2  0/0    20:11   5:17   0:00 
Mike Halmo               1  0  1   0  12  1  1  0  1  1  0/2    15:11   4:34   0:02 
Patrick McNeill          0  0  0  -1  0   0  1  0  1  1  0/0    19:06   2:47   2:32 
Ryan Hamilton            0  0  0  -1  0   0  1  1  2  0  1/2    13:31   0:00   2:12 
Tom Kostopoulos          0  0  0  -2  0   4  1  1  2  1  1/3    26:02   3:28   4:27 
Wade Brookbank           0  0  0   1  17  0  1  2  0  1  0/0    17:42   1:09   2:09 
Xavier Ouellet           0  0  0  -1  0   3  1  1  0  2  0/0    23:32   2:47   2:51 

Players Stats for Wolves

Player Name              G  A  P  +/- PIM S  H  SB GA TA FO     MP     PP MP  PK MP  
------------------------------------------------------------------------------------
Aaron Volpatti           0  0  0   1  10  0  1  1  1  1  0/0    19:05   2:16   5:13 
Ben Hanowski             0  0  0   0  0   2  0  0  1  0  0/0     8:30   0:00   0:00 
Cedric Paquette          1  0  1   1  4   2  1  0  0  0  9/17   18:57   4:22   0:00 
Chris Terry              0  2  2   1  2   0  1  6  0  0  10/17  25:20   2:27   4:57 
Christian Hanson         0  0  0   0  0   0  0  0  0  0  0/0     0:00   0:00   0:00 
Corbin McPherson         0  1  1   2  0   1  0  1  1  0  0/0    20:28   2:29   2:17 
Dane Byers               0  0  0   0  0   0  1  0  0  0  0/0     7:30   0:00   0:00 
Daniel Carcillo          1  1  2   1  5   3  3  0  3  0  0/0    13:55   0:34   0:00 
Jared Boll               0  2  2   1  22  3  0  0  2  0  1/1    11:23   4:07   0:13 
Jordan Schroeder         1  1  2   0  0   3  0  0  3  0  5/11   16:16   2:31   0:47 
Kent Huskins             0  0  0   0  2   1  1  0  0  2  0/0    27:42   4:24   5:18 
Landon Ferraro           0  0  0   0  0   0  2  1  1  0  5/8    18:12   0:00   4:40 
Mark Pysyk               0  0  0  -1  0   1  2  2  2  3  0/0    19:00   2:06   1:55 
Michael Caruso           0  0  0   0  0   0  0  0  0  0  0/0    15:12   0:00   3:52 
Scott Glennie            0  1  1   0  0   0  0  1  1  1  1/1    19:14   4:22   0:00 
Stephane Da Costa        0  0  0   0  0   0  1  0  3  0  0/0    13:17   0:00   0:35 
Yann Sauve               0  0  0   1  0   0  0  3  1  1  0/0    16:36   2:18   0:00 
Yannick Weber            2  0  2   2  0   6  0  0  0  0  0/0    20:57   2:29   2:46 

3 Stars

1 - Yannick Weber (CHI)
2 - Jordan Schroeder (CHI)
3 - Scott Wedgewood (CHI)

Power Play

Sharks - 0 on 5 Attempt(s) - 0.00%
Wolves - 2 on 6 Attempt(s) - 33.33%

Penalty Kill

Sharks - 4 on 6 Attempt(s) - 66.67% - Score 0 goal in Penalty Kill
Wolves - 5 on 5 Attempt(s) - 100.00% - Score 1 goal in Penalty Kill

Official

Referees : Unknown
Linesman : Unknown

Game Notes

Jared Boll and Marek Hrivik fight to a draw at 0:27 of 1st period
Daniel Carcillo beats up Mike Halmo at 1:41 of 1st period
Jared Boll beats up Brendan Mikkelson at 10:45 of 1st period
Aaron Volpatti and Mike Halmo fight to a draw at 16:22 of 1st period
Mark Pysyk is injured at 4:32 of 3rd period (Sprained Left Knee)
Aaron Volpatti and Wade Brookbank fight to a draw at 9:46 of 3rd period
Stephane Da Costa is injured at 13:25 of 3rd period (Abdominal Strain)
14:09 of 3rd period - Penalty Shot by Mike Halmo for Sharks - Shot Misses the Net

Finance

Level 1 -- Attendance: 1390 (69.50%) -- Ticket Income $48,650
Level 2 -- Attendance: 689 (68.90%) -- Ticket Income $10,335
Total Attendance: 2079 (69.30%)
Total Ticket Income: $58,985
Other Income: $28,903
Total Income: $87,888

Sharks

5 vs 5 Forward 
   Center                   Left Wing                Right Wing               Time % Phy DF OF 
 1 Dominik Uher             Mike Halmo               Luke Glendening          35     1   2  2  
 2 Louis Leblanc            Marek Hrivik             Tom Kostopoulos          30     1   2  2  
 3 Andy Andreoff            Tom Kostopoulos          Alexandre Bolduc         22     1   2  2  
 4 Bobby Farnham            Ryan Hamilton            Tom Kostopoulos          13     1   2  2  

5 vs 5 Defense 
   Defense                  Defense                                           Time % Phy DF OF 
 1 Brendan Mikkelson        Mark Barberio                                     35     1   2  2  
 2 Xavier Ouellet           Patrick McNeill                                   30     1   2  2  
 3 Wade Brookbank           Joey Mormina                                      22     1   2  2  
 4 Brendan Mikkelson        Xavier Ouellet                                    13     1   2  2  

PowerPlay Forward 
   Center                   Left Wing                Right Wing               Time % Phy DF OF 
 1 Dominik Uher             Mike Halmo               Luke Glendening          60     1   2  2  
 2 Louis Leblanc            Marek Hrivik             Tom Kostopoulos          40     1   2  2  

PowerPlay Defense
   Defense                  Defense                                           Time % Phy DF OF 
 1 Brendan Mikkelson        Mark Barberio                                     60     1   2  2  
 2 Xavier Ouellet           Patrick McNeill                                   40     1   2  2  

Penalty Kill 4 Players Forward 
   Center                   Wing                     Time % Phy DF OF 
 1 Dominik Uher             Tom Kostopoulos          60     1   2  2  
 2 Mike Halmo               Marek Hrivik             40     1   2  2  

Penalty Kill 4 Players Defense
   Defense                  Defense                  Time % Phy DF OF 
 1 Brendan Mikkelson        Wade Brookbank           60     1   2  2  
 2 Xavier Ouellet           Patrick McNeill          40     1   2  2  

Penalty Kill - 3 Players Forward 
   Forward                                           Time % Phy DF OF 
 1 Mike Halmo                                        60     1   2  2  
 2 Tom Kostopoulos                                   40     1   2  2  

Penalty Kill - 3 Players Defense
   Defense                  Defense                  Time % Phy DF OF 
 1 Brendan Mikkelson        Mark Barberio            60     1   2  2  
 2 Xavier Ouellet           Patrick McNeill          40     1   2  2  

4 vs 4 Forward 
   Center                   Wing                     Time % Phy DF OF 
 1 Dominik Uher             Tom Kostopoulos          60     1   2  2  
 2 Mike Halmo               Marek Hrivik             40     1   2  2  

4 vs 4 Defense
   Defense                  Defense                  Time % Phy DF OF 
 1 Brendan Mikkelson        Joey Mormina             60     1   2  2  
 2 Xavier Ouellet           Patrick McNeill          40     1   2  2  

Last Minutes Offensive
   Center                   Left Wing                Right Wing               Defense                  Defense                  
   Dominik Uher             Mike Halmo               Luke Glendening          Brendan Mikkelson        Mark Barberio            

Last Minutes Defensive
   Center                   Left Wing                Right Wing               Defense                  Defense                  
   Dominik Uher             Mike Halmo               Luke Glendening          Brendan Mikkelson        Mark Barberio            

Goaltenders
Starting : Dov Grumet-Morris        
Backup : Farm Player76            

Extra Forwards
Normal : Tom Kostopoulos, Andy Andreoff, Ryan Hamilton - PP : Tom Kostopoulos, Andy Andreoff - PK : Ryan Hamilton
Extra Defensemen
Normal : Wade Brookbank, Joey Mormina, Xavier Ouellet - PP : Wade Brookbank - PK : Joey Mormina, Xavier Ouellet
Penalty Shots
Andy Andreoff, Tom Kostopoulos, Mike Halmo, Marek Hrivik, Ryan Hamilton

Wolves

5 vs 5 Forward 
   Center                   Left Wing                Right Wing               Time % Phy DF OF 
 1 Jordan Schroeder         Chris Terry              Stephane Da Costa        35     1   2  2  
 2 Cedric Paquette          Daniel Carcillo          Jared Boll               30     1   2  2  
 3 Landon Ferraro           Aaron Volpatti           Scott Glennie            22     1   2  2  
 4 Chris Terry              Dane Byers               Ben Hanowski             13     1   2  2  

5 vs 5 Defense 
   Defense                  Defense                                           Time % Phy DF OF 
 1 Mark Pysyk               Kent Huskins                                      35     1   2  2  
 2 Yannick Weber            Corbin McPherson                                  30     1   2  2  
 3 Yann Sauve               Michael Caruso                                    22     1   2  2  
 4 Mark Pysyk               Kent Huskins                                      13     1   2  2  

PowerPlay Forward 
   Center                   Left Wing                Right Wing               Time % Phy DF OF 
 1 Jordan Schroeder         Chris Terry              Aaron Volpatti           60     1   2  2  
 2 Cedric Paquette          Scott Glennie            Jared Boll               40     1   2  2  

PowerPlay Defense
   Defense                  Defense                                           Time % Phy DF OF 
 1 Mark Pysyk               Kent Huskins                                      60     1   2  2  
 2 Yannick Weber            Corbin McPherson                                  40     1   2  2  

Penalty Kill 4 Players Forward 
   Center                   Wing                     Time % Phy DF OF 
 1 Chris Terry              Aaron Volpatti           60     1   2  2  
 2 Jared Boll               Jordan Schroeder         40     1   2  2  

Penalty Kill 4 Players Defense
   Defense                  Defense                  Time % Phy DF OF 
 1 Mark Pysyk               Kent Huskins             60     1   2  2  
 2 Yannick Weber            Corbin McPherson         40     1   2  2  

Penalty Kill - 3 Players Forward 
   Forward                                           Time % Phy DF OF 
 1 Chris Terry                                       60     1   2  2  
 2 Jared Boll                                        40     1   2  2  

Penalty Kill - 3 Players Defense
   Defense                  Defense                  Time % Phy DF OF 
 1 Mark Pysyk               Kent Huskins             60     1   2  2  
 2 Yannick Weber            Corbin McPherson         40     1   2  2  

4 vs 4 Forward 
   Center                   Wing                     Time % Phy DF OF 
 1 Chris Terry              Scott Glennie            60     1   2  2  
 2 Jared Boll               Jordan Schroeder         40     1   2  2  

4 vs 4 Defense
   Defense                  Defense                  Time % Phy DF OF 
 1 Mark Pysyk               Kent Huskins             60     1   2  2  
 2 Yannick Weber            Corbin McPherson         40     1   2  2  

Last Minutes Offensive
   Center                   Left Wing                Right Wing               Defense                  Defense                  
   Jordan Schroeder         Chris Terry              Jared Boll               Mark Pysyk               Kent Huskins             

Last Minutes Defensive
   Center                   Left Wing                Right Wing               Defense                  Defense                  
   Jordan Schroeder         Chris Terry              Jared Boll               Mark Pysyk               Kent Huskins             

Goaltenders
Starting : Scott Wedgewood          
Backup : Peter Mannino            

Extra Forwards
Normal : Aaron Volpatti, Scott Glennie, Landon Ferraro - PP : Aaron Volpatti, Scott Glennie - PK : Landon Ferraro
Extra Defensemen
Normal : Yann Sauve, Michael Caruso, Yannick Weber - PP : Yann Sauve - PK : Michael Caruso, Yannick Weber
Penalty Shots
Chris Terry, Landon Ferraro, Jared Boll, Jordan Schroeder, Aaron Volpatti

% Time on Ice - Sharks

Lines # - Real PCT - Wanted PCT - Time Play
Normal Forward
1 - 35% - 35% - 15:47
2 - 29% - 30% - 12:49
3 - 21% - 22% - 9:35
4 - 15% - 13% - 6:31
Normal Defense
1 - 34% - 35% - 15:20
2 - 31% - 30% - 13:47
3 - 27% - 22% - 11:54
4 - 8% - 13% - 3:41
PP Forward
1 - 57% - 60% - 4:36
2 - 43% - 40% - 3:29
PP Defense
1 - 66% - 60% - 5:18
2 - 34% - 40% - 2:47
PK Forward
1 - 95% - 60% - 6:33
2 - 5% - 40% - 0:20
PK Defense
1 - 63% - 60% - 4:21
2 - 37% - 40% - 2:32
PK3 Forward
1 - 0% - 60%
2 - 0% - 40%
PK3 Defense
1 - 0% - 60%
2 - 0% - 40%
44 Forward
1 - 100% - 60% - 0:20
2 - 0% - 40% - 0:00
44 Defense
1 - 100% - 60% - 0:20
2 - 0% - 40% - 0:00
Last Minute Offensive  - 0:00
Last Minute Defensive  - 0:00
Total
Forward - 60:00
Defense - 60:00

% Time on Ice - Wolves

Lines # - Real PCT - Wanted PCT - Time Play
Normal Forward
1 - 30% - 35% - 13:28
2 - 32% - 30% - 14:17
3 - 21% - 22% - 9:27
4 - 17% - 13% - 7:30
Normal Defense
1 - 32% - 35% - 14:17
2 - 35% - 30% - 15:42
3 - 25% - 22% - 11:18
4 - 8% - 13% - 3:25
PP Forward
1 - 40% - 60% - 2:46
2 - 60% - 40% - 4:07
PP Defense
1 - 64% - 60% - 4:24
2 - 36% - 40% - 2:29
PK Forward
1 - 90% - 60% - 7:18
2 - 10% - 40% - 0:47
PK Defense
1 - 72% - 60% - 5:48
2 - 28% - 40% - 2:17
PK3 Forward
1 - 0% - 60%
2 - 0% - 40%
PK3 Defense
1 - 0% - 60%
2 - 0% - 40%
44 Forward
1 - 100% - 60% - 0:20
2 - 0% - 40% - 0:00
44 Defense
1 - 100% - 60% - 0:20
2 - 0% - 40% - 0:00
Last Minute Offensive  - 0:00
Last Minute Defensive  - 0:00
Total
Forward - 60:00
Defense - 60:00

Play by Play

1st period


0:01 of 1st period - Dominik Uher wins face-off versus Jordan Schroeder in neutral zone.
0:12 of 1st period - Slapshot by Luke Glendening.
0:12 of 1st period - Shot Misses the Net.
0:20 of 1st period - Slapshot by Jordan Schroeder.
0:20 of 1st period - Stopped by Dov Grumet-Morris without a rebound.
0:21 of 1st period - Cedric Paquette wins face-off versus Louis Leblanc in Sharks zone.
0:27 of 1st period - Jared Boll and Marek Hrivik fight to a draw.
0:27 of 1st period - Penalty to Jared Boll for Fighting.
0:27 of 1st period - Penalty to Marek Hrivik for Fighting.
0:28 of 1st period - Andy Andreoff wins face-off versus Landon Ferraro in Sharks zone.
1:41 of 1st period - Daniel Carcillo beats up Mike Halmo.
1:41 of 1st period - Penalty to Daniel Carcillo for Fighting.
1:41 of 1st period - Penalty to Mike Halmo for Fighting.
1:42 of 1st period - Louis Leblanc wins face-off versus Jordan Schroeder in Sharks zone.
3:23 of 1st period - Slapshot by Yannick Weber.
3:23 of 1st period - Stopped by Dov Grumet-Morris without a rebound.
3:24 of 1st period - Ryan Hamilton wins face-off versus Cedric Paquette in Sharks zone.
3:32 of 1st period - Off-side.
3:33 of 1st period - Cedric Paquette wins face-off versus Dominik Uher in neutral zone.
3:51 of 1st period - Icing by Luke Glendening.
3:52 of 1st period - Dominik Uher wins face-off versus Jordan Schroeder in Sharks zone.
3:59 of 1st period - Slapshot by Dominik Uher.
3:59 of 1st period - Shot Misses the Net.
4:19 of 1st period - Snap shot by Stephane Da Costa.
4:19 of 1st period - Deflect By Jordan Schroeder.
4:19 of 1st period - Shot Misses the Net.
4:19 of 1st period - Puck is out of play.
4:20 of 1st period - Louis Leblanc wins face-off versus Cedric Paquette in Sharks zone.
5:31 of 1st period - Wade Brookbank is hit by Landon Ferraro and loses puck.
5:52 of 1st period - Snap shot by Stephane Da Costa.
5:52 of 1st period - Shot Misses the Net.
6:38 of 1st period - Wrist shot by Luke Glendening.
6:38 of 1st period - Stopped by Scott Wedgewood without a rebound.
6:39 of 1st period - Cedric Paquette wins face-off versus Dominik Uher in Wolves zone.
7:15 of 1st period - Mark Pysyk is hit by Andy Andreoff and loses puck.
7:30 of 1st period - Andy Andreoff is hit by Mark Pysyk and loses puck.
7:43 of 1st period - Luke Glendening is hit by Kent Huskins and loses puck.
8:46 of 1st period - Icing by Stephane Da Costa.
8:47 of 1st period - Jordan Schroeder wins face-off versus Louis Leblanc in Wolves zone.
9:21 of 1st period - Wrist shot by Ben Hanowski.
9:21 of 1st period - Stopped by Dov Grumet-Morris without a rebound.
9:22 of 1st period - Chris Terry wins face-off versus Dominik Uher in Sharks zone.
9:27 of 1st period - Snap shot by Ben Hanowski.
9:27 of 1st period - Stopped by Dov Grumet-Morris without a rebound.
9:28 of 1st period - Chris Terry wins face-off versus Mike Halmo in Sharks zone.
10:45 of 1st period - Jared Boll beats up Brendan Mikkelson.
10:45 of 1st period - Penalty to Jared Boll for Fighting.
10:45 of 1st period - Penalty to Brendan Mikkelson for Fighting.
10:45 of 1st period - Penalty to Jared Boll for instigated a fight.
10:45 of 1st period - Penalty to Jared Boll for instigated a fight.
10:46 of 1st period - Chris Terry wins face-off versus Dominik Uher in neutral zone.
10:53 of 1st period - Wrist shot by Luke Glendening.
10:53 of 1st period - Deflect By Mike Halmo.
10:53 of 1st period - Shot Misses the Net.
10:53 of 1st period - Puck is out of play.
10:54 of 1st period - Dominik Uher wins face-off versus Chris Terry in Wolves zone.
12:13 of 1st period - Snap shot by Luke Glendening.
12:13 of 1st period - Deflect By Yannick Weber.
12:13 of 1st period - Shot Misses the Net.
12:13 of 1st period - Puck is out of play.
12:14 of 1st period - Dominik Uher wins face-off versus Landon Ferraro in Wolves zone.
12:45 of 1st period - Penalty to Jared Boll is over, Daniel Carcillo is send on ice.
12:57 of 1st period - Snap shot by Mike Halmo.
12:57 of 1st period - Goal by Mike Halmo - Sharks : 1 - Wolves : 0.
12:58 of 1st period - Cedric Paquette wins face-off versus Andy Andreoff in neutral zone.
13:03 of 1st period - Yann Sauve is hit by Andy Andreoff and loses puck.
13:28 of 1st period - Mark Barberio is hit by Daniel Carcillo.
15:02 of 1st period - Mark Barberio is hit by Aaron Volpatti and loses puck.
15:45 of 1st period - Mark Pysyk is hit by Wade Brookbank and loses puck.
15:56 of 1st period - Mark Barberio is hit by Stephane Da Costa and loses puck.
16:22 of 1st period - Aaron Volpatti and Mike Halmo fight to a draw.
16:22 of 1st period - Penalty to Aaron Volpatti for Fighting.
16:22 of 1st period - Penalty to Mike Halmo for Fighting.
16:23 of 1st period - Dominik Uher wins face-off versus Cedric Paquette in neutral zone.
16:33 of 1st period - Slapshot by Yannick Weber.
16:33 of 1st period - Shot Misses the Net.
16:35 of 1st period - Wrist shot by Cedric Paquette.
16:35 of 1st period - Shot Misses the Net.
16:37 of 1st period - Snap shot by Scott Glennie.
16:37 of 1st period - Shot Misses the Net.
16:39 of 1st period - Snap shot by Cedric Paquette.
16:39 of 1st period - Shot Misses the Net.
17:59 of 1st period - Snap shot by Louis Leblanc.
17:59 of 1st period - Stopped by Scott Wedgewood with a rebound.
18:01 of 1st period - Wrist shot by Louis Leblanc.
18:01 of 1st period - Shot Misses the Net.
18:15 of 1st period - Slapshot by Andy Andreoff.
18:15 of 1st period - Stopped by Scott Wedgewood with a rebound.
18:25 of 1st period - Slapshot by Andy Andreoff.
18:25 of 1st period - Shot Misses the Net.
18:27 of 1st period - Snap shot by Brendan Mikkelson.
18:27 of 1st period - Shot Misses the Net.
18:29 of 1st period - Slapshot by Xavier Ouellet.
18:29 of 1st period - Stopped by Scott Wedgewood with a rebound.
18:52 of 1st period - Snap shot by Stephane Da Costa.
18:52 of 1st period - Shot Misses the Net.
Goals for this period are 1 for Sharks vs 0 for Wolves.
Shots for this period are 5 for Sharks vs 4 for Wolves.

2nd period


0:01 of 2nd period - Jordan Schroeder wins face-off versus Andy Andreoff in neutral zone.
0:30 of 2nd period - Slapshot by Brendan Mikkelson.
0:30 of 2nd period - Stopped by Scott Wedgewood with a rebound.
0:54 of 2nd period - Luke Glendening is hit by Landon Ferraro and loses puck.
1:05 of 2nd period - Wrist shot by Scott Glennie.
1:05 of 2nd period - Deflect By Chris Terry.
1:05 of 2nd period - Shot Blocked by Luke Glendening.
1:05 of 2nd period - Puck is out of play.
1:06 of 2nd period - Cedric Paquette wins face-off versus Dominik Uher in Sharks zone.
1:07 of 2nd period - Slapshot by Yannick Weber.
1:07 of 2nd period - Stopped by Dov Grumet-Morris with a rebound.
1:15 of 2nd period - Snap shot by Tom Kostopoulos.
1:15 of 2nd period - Stopped by Scott Wedgewood with a rebound.
1:19 of 2nd period - Snap shot by Luke Glendening.
1:19 of 2nd period - Deflect By Tom Kostopoulos.
1:19 of 2nd period - Shot Blocked by Scott Glennie.
1:19 of 2nd period - Puck is out of play.
1:20 of 2nd period - Dominik Uher wins face-off versus Cedric Paquette in Wolves zone.
1:39 of 2nd period - Joey Mormina is hit by Cedric Paquette and loses puck.
2:30 of 2nd period - Off-side.
2:31 of 2nd period - Landon Ferraro wins face-off versus Andy Andreoff in neutral zone.
3:00 of 2nd period - Slapshot by Mark Barberio.
3:00 of 2nd period - Shot Misses the Net.
3:14 of 2nd period - Yannick Weber is hit by Luke Glendening and loses puck.
4:34 of 2nd period - Snap shot by Tom Kostopoulos.
4:34 of 2nd period - Stopped by Scott Wedgewood with a rebound.
4:36 of 2nd period - Slapshot by Patrick McNeill.
4:36 of 2nd period - Deflect By Tom Kostopoulos.
4:36 of 2nd period - Shot Misses the Net.
4:36 of 2nd period - Puck is out of play.
4:37 of 2nd period - Chris Terry wins face-off versus Bobby Farnham in Wolves zone.
5:18 of 2nd period - Wrist shot by Stephane Da Costa.
5:18 of 2nd period - Shot Misses the Net.
5:20 of 2nd period - Snap shot by Stephane Da Costa.
5:20 of 2nd period - Shot Blocked by Alexandre Bolduc.
5:22 of 2nd period - Slapshot by Corbin McPherson.
5:22 of 2nd period - Shot Blocked by Wade Brookbank.
5:45 of 2nd period - 10 Minutes Misconduct Penalty to Jared Boll is over.
6:28 of 2nd period - Minor Penalty to Louis Leblanc for Hooking.
6:29 of 2nd period - Scott Glennie wins face-off versus Tom Kostopoulos in Sharks zone.
8:28 of 2nd period - Penalty to Louis Leblanc is over, Louis Leblanc is back on ice.
8:34 of 2nd period - Brendan Mikkelson is hit by Daniel Carcillo.
8:41 of 2nd period - Icing by Tom Kostopoulos.
8:42 of 2nd period - Landon Ferraro wins face-off versus Alexandre Bolduc in Sharks zone.
8:47 of 2nd period - Snap shot by Ben Hanowski.
8:47 of 2nd period - Shot Misses the Net.
9:30 of 2nd period - Jared Boll is hit by Xavier Ouellet and loses puck.
10:30 of 2nd period - Corbin McPherson is hit by Ryan Hamilton and loses puck.
10:49 of 2nd period - Wrist shot by Mike Halmo.
10:49 of 2nd period - Shot Misses the Net.
11:17 of 2nd period - Snap shot by Daniel Carcillo.
11:17 of 2nd period - Shot Blocked by Wade Brookbank.
12:09 of 2nd period - Mark Pysyk is hit by Joey Mormina and loses puck.
12:24 of 2nd period - Tom Kostopoulos is hit by Chris Terry and loses puck.
12:37 of 2nd period - Tom Kostopoulos is hit by Dane Byers and loses puck.
12:56 of 2nd period - Wrist shot by Ryan Hamilton.
12:56 of 2nd period - Shot Misses the Net.
12:58 of 2nd period - Slapshot by Mark Barberio.
12:58 of 2nd period - Shot Misses the Net.
13:00 of 2nd period - Backhand shot by Bobby Farnham.
13:00 of 2nd period - Shot Blocked by Yann Sauve.
14:02 of 2nd period - Corbin McPherson is hit by Patrick McNeill and loses puck.
14:29 of 2nd period - Mark Pysyk is hit by Tom Kostopoulos and loses puck.
16:10 of 2nd period - Mark Pysyk is hit by Marek Hrivik and loses puck.
17:17 of 2nd period - Snap shot by Alexandre Bolduc.
17:17 of 2nd period - Stopped by Scott Wedgewood without a rebound.
17:18 of 2nd period - Alexandre Bolduc wins face-off versus Chris Terry in Wolves zone.
17:53 of 2nd period - Yannick Weber is hit by Joey Mormina and loses puck.
18:18 of 2nd period - Scott Glennie is hit by Mike Halmo and loses puck.
18:23 of 2nd period - Backhand shot by Mark Barberio.
18:23 of 2nd period - Stopped by Scott Wedgewood without a rebound.
18:24 of 2nd period - Cedric Paquette wins face-off versus Dominik Uher in Wolves zone.
18:43 of 2nd period - Slapshot by Daniel Carcillo.
18:43 of 2nd period - Stopped by Dov Grumet-Morris without a rebound.
18:44 of 2nd period - Bobby Farnham wins face-off versus Cedric Paquette in Sharks zone.
19:05 of 2nd period - Tom Kostopoulos is hit by Mark Pysyk.
19:24 of 2nd period - Slapshot by Mark Barberio.
19:24 of 2nd period - Shot Blocked by Chris Terry.
19:26 of 2nd period - Slapshot by Brendan Mikkelson.
19:26 of 2nd period - Shot Blocked by Mark Pysyk.
19:28 of 2nd period - Slapshot by Brendan Mikkelson.
19:28 of 2nd period - Shot Misses the Net.
Goals for this period are 0 for Sharks vs 0 for Wolves.
Shots for this period are 5 for Sharks vs 2 for Wolves.

3rd period


0:01 of 3rd period - Andy Andreoff wins face-off versus Jordan Schroeder in neutral zone.
0:52 of 3rd period - Minor Penalty to Alexandre Bolduc for Holding.
0:53 of 3rd period - Cedric Paquette wins face-off versus Tom Kostopoulos in Sharks zone.
1:52 of 3rd period - Slapshot by Mark Pysyk.
1:52 of 3rd period - Stopped by Dov Grumet-Morris without a rebound.
1:53 of 3rd period - Dominik Uher wins face-off versus Jordan Schroeder in Sharks zone.
2:28 of 3rd period - Slapshot by Mark Pysyk.
2:28 of 3rd period - Shot Blocked by Xavier Ouellet.
2:30 of 3rd period - Slapshot by Kent Huskins.
2:30 of 3rd period - Shot Blocked by Ryan Hamilton.
2:52 of 3rd period - Penalty to Alexandre Bolduc is over, Alexandre Bolduc is back on ice.
2:56 of 3rd period - Slapshot by Yannick Weber.
2:56 of 3rd period - Shot Misses the Net.
2:58 of 3rd period - Slapshot by Corbin McPherson.
2:58 of 3rd period - Shot Misses the Net.
3:04 of 3rd period - Snap shot by Aaron Volpatti.
3:04 of 3rd period - Shot Misses the Net.
3:53 of 3rd period - Minor Penalty to Chris Terry for Tripping.
3:54 of 3rd period - Landon Ferraro wins face-off versus Dominik Uher in Wolves zone.
4:32 of 3rd period - Slapshot by Tom Kostopoulos.
4:32 of 3rd period - Deflect By Kent Huskins.
4:32 of 3rd period - Shot Blocked by Mark Pysyk.
4:32 of 3rd period - Mark Pysyk from Wolves is injured at 4:32 of 3rd period (Sprained Left Knee).
4:33 of 3rd period - Landon Ferraro wins face-off versus Dominik Uher in Wolves zone.
4:44 of 3rd period - Wrist shot by Mark Barberio.
4:44 of 3rd period - Shot Misses the Net.
4:54 of 3rd period - Slapshot by Mark Barberio.
4:54 of 3rd period - Shot Blocked by Landon Ferraro.
5:51 of 3rd period - Snap shot by Marek Hrivik.
5:51 of 3rd period - Stopped by Scott Wedgewood with a rebound.
5:53 of 3rd period - Penalty to Chris Terry is over, Chris Terry is back on ice.
6:05 of 3rd period - Backhand shot by Andy Andreoff.
6:05 of 3rd period - Shot Blocked by Aaron Volpatti.
6:07 of 3rd period - Snap shot by Xavier Ouellet.
6:07 of 3rd period - Deflect By Alexandre Bolduc.
6:07 of 3rd period - Stopped by Scott Wedgewood with a rebound.
6:09 of 3rd period - Slapshot by Patrick McNeill.
6:09 of 3rd period - Shot Misses the Net.
6:11 of 3rd period - Snap shot by Alexandre Bolduc.
6:11 of 3rd period - Shot Misses the Net.
6:44 of 3rd period - Mike Halmo is hit by Daniel Carcillo.
7:06 of 3rd period - Minor Penalty to Cedric Paquette for Roughing.
7:07 of 3rd period - Louis Leblanc wins face-off versus Chris Terry in Wolves zone.
7:25 of 3rd period - Slapshot by Mark Barberio.
7:25 of 3rd period - Stopped by Scott Wedgewood with a rebound.
7:27 of 3rd period - Slapshot by Mark Barberio.
7:27 of 3rd period - Shot Misses the Net.
7:29 of 3rd period - Slapshot by Mark Barberio.
7:29 of 3rd period - Deflect By Tom Kostopoulos.
7:29 of 3rd period - Shot Blocked by Chris Terry.
7:29 of 3rd period - Puck is out of play.
7:30 of 3rd period - Dominik Uher wins face-off versus Chris Terry in Wolves zone.
7:47 of 3rd period - Slapshot by Yannick Weber.
7:47 of 3rd period - Shot Blocked by Luke Glendening.
8:03 of 3rd period - Snap shot by Chris Terry.
8:03 of 3rd period - Shot Misses the Net.
8:05 of 3rd period - Backhand shot by Yannick Weber.
8:05 of 3rd period - Stopped by Dov Grumet-Morris with a rebound.
8:07 of 3rd period - Slapshot by Yannick Weber.
8:07 of 3rd period - Goal by Yannick Weber - Sharks : 1 - Wolves : 1.
8:08 of 3rd period - Chris Terry wins face-off versus Luke Glendening in neutral zone.
9:06 of 3rd period - Penalty to Cedric Paquette is over, Cedric Paquette is back on ice.
9:07 of 3rd period - Off-side.
9:08 of 3rd period - Cedric Paquette wins face-off versus Dominik Uher in neutral zone.
9:35 of 3rd period - Slapshot by Jared Boll.
9:35 of 3rd period - Shot Blocked by Mark Barberio.
9:37 of 3rd period - Wrist shot by Corbin McPherson.
9:37 of 3rd period - Shot Misses the Net.
9:39 of 3rd period - Slapshot by Jared Boll.
9:39 of 3rd period - Stopped by Dov Grumet-Morris without a rebound.
9:40 of 3rd period - Andy Andreoff wins face-off versus Landon Ferraro in Sharks zone.
9:46 of 3rd period - Aaron Volpatti and Wade Brookbank fight to a draw.
9:46 of 3rd period - Penalty to Aaron Volpatti for Fighting.
9:46 of 3rd period - Penalty to Wade Brookbank for Fighting.
9:46 of 3rd period - Penalty to Wade Brookbank for instigated a fight.
9:46 of 3rd period - Penalty to Wade Brookbank for instigated a fight.
9:47 of 3rd period - Dominik Uher wins face-off versus Cedric Paquette in Wolves zone.
9:56 of 3rd period - Slapshot by Brendan Mikkelson.
9:56 of 3rd period - Shot Blocked by Yann Sauve.
10:37 of 3rd period - Slapshot by Yannick Weber.
10:37 of 3rd period - Shot Blocked by Tom Kostopoulos.
10:39 of 3rd period - Wrist shot by Daniel Carcillo.
10:39 of 3rd period - Shot Misses the Net.
10:41 of 3rd period - Slapshot by Corbin McPherson.
10:41 of 3rd period - Stopped by Dov Grumet-Morris with a rebound.
10:43 of 3rd period - Slapshot by Chris Terry.
10:43 of 3rd period - Deflect By Jordan Schroeder.
10:43 of 3rd period - Goal by Jordan Schroeder - Sharks : 1 - Wolves : 2.
10:44 of 3rd period - Jordan Schroeder wins face-off versus Dominik Uher in neutral zone.
12:13 of 3rd period - Slapshot by Jared Boll.
12:13 of 3rd period - Stopped by Dov Grumet-Morris with a rebound.
12:15 of 3rd period - Wrist shot by Daniel Carcillo.
12:15 of 3rd period - Goal by Daniel Carcillo - Sharks : 1 - Wolves : 3.
12:16 of 3rd period - Cedric Paquette wins face-off versus Louis Leblanc in neutral zone.
12:21 of 3rd period - Snap shot by Daniel Carcillo.
12:21 of 3rd period - Stopped by Dov Grumet-Morris with a rebound.
12:46 of 3rd period - Off-side.
12:47 of 3rd period - Landon Ferraro wins face-off versus Dominik Uher in neutral zone.
12:50 of 3rd period - Snap shot by Kent Huskins.
12:50 of 3rd period - Shot Blocked by Brendan Mikkelson.
13:01 of 3rd period - Minor Penalty to Brendan Mikkelson for Goalie Interference.
13:02 of 3rd period - Dominik Uher wins face-off versus Cedric Paquette in Sharks zone.
13:18 of 3rd period - Snap shot by Scott Glennie.
13:18 of 3rd period - Shot Misses the Net.
13:20 of 3rd period - Slapshot by Cedric Paquette.
13:20 of 3rd period - Goal by Cedric Paquette - Sharks : 1 - Wolves : 4.
13:21 of 3rd period - Tom Kostopoulos wins face-off versus Chris Terry in neutral zone.
13:24 of 3rd period - Stephane Da Costa is hit by Louis Leblanc and loses puck.
13:25 of 3rd period - Stephane Da Costa from Wolves is injured at 13:25 of 3rd period (Abdominal Strain).
13:26 of 3rd period - Louis Leblanc wins face-off versus Jordan Schroeder in Wolves zone.
13:45 of 3rd period - Slapshot by Louis Leblanc.
13:45 of 3rd period - Shot Misses the Net.
13:47 of 3rd period - Snap shot by Marek Hrivik.
13:47 of 3rd period - Shot Blocked by Chris Terry.
13:49 of 3rd period - Wrist shot by Brendan Mikkelson.
13:49 of 3rd period - Shot Blocked by Yann Sauve.
13:53 of 3rd period - Snap shot by Tom Kostopoulos.
13:53 of 3rd period - Deflect By Louis Leblanc.
13:53 of 3rd period - Shot Blocked by Chris Terry.
13:53 of 3rd period - Puck is out of play.
13:54 of 3rd period - Jared Boll wins face-off versus Dominik Uher in Wolves zone.
13:56 of 3rd period - Minor Penalty to Cedric Paquette for Slashing.
13:57 of 3rd period - Dominik Uher wins face-off versus Chris Terry in Wolves zone.
14:03 of 3rd period - Slapshot by Mark Barberio.
14:03 of 3rd period - Shot Blocked by Chris Terry.
14:09 of 3rd period - Penalty Shot by Mike Halmo for Sharks.
14:09 of 3rd period - Snap shot by Mike Halmo.
14:09 of 3rd period - Shot Misses the Net.
14:10 of 3rd period - Chris Terry wins face-off versus Mike Halmo in Sharks zone.
14:46 of 3rd period - Penalty to Aaron Volpatti is over, Aaron Volpatti is back on ice.
15:02 of 3rd period - Wrist shot by Tom Kostopoulos.
15:02 of 3rd period - Stopped by Scott Wedgewood without a rebound.
15:03 of 3rd period - Louis Leblanc wins face-off versus Chris Terry in Wolves zone.
15:15 of 3rd period - Off-side.
15:16 of 3rd period - Chris Terry wins face-off versus Dominik Uher in neutral zone.
15:35 of 3rd period - Minor Penalty to Mike Halmo for Roughing.
15:36 of 3rd period - Chris Terry wins face-off versus Dominik Uher in Sharks zone.
15:41 of 3rd period - Slapshot by Kent Huskins.
15:41 of 3rd period - Deflect By Chris Terry.
15:41 of 3rd period - Shot Misses the Net.
15:41 of 3rd period - Puck is out of play.
15:42 of 3rd period - Chris Terry wins face-off versus Dominik Uher in Sharks zone.
15:47 of 3rd period - Wrist shot by Chris Terry.
15:47 of 3rd period - Shot Misses the Net.
15:56 of 3rd period - Penalty to Cedric Paquette is over, Cedric Paquette is back on ice.
16:23 of 3rd period - Snap shot by Jared Boll.
16:23 of 3rd period - Stopped by Dov Grumet-Morris with a rebound.
16:25 of 3rd period - Slapshot by Kent Huskins.
16:25 of 3rd period - Stopped by Dov Grumet-Morris with a rebound.
16:27 of 3rd period - Slapshot by Kent Huskins.
16:27 of 3rd period - Shot Blocked by Joey Mormina.
16:29 of 3rd period - Backhand shot by Cedric Paquette.
16:29 of 3rd period - Stopped by Dov Grumet-Morris with a rebound.
16:47 of 3rd period - Snap shot by Jordan Schroeder.
16:47 of 3rd period - Shot Misses the Net.
16:51 of 3rd period - Snap shot by Yannick Weber.
16:51 of 3rd period - Stopped by Dov Grumet-Morris without a rebound.
16:52 of 3rd period - Jordan Schroeder wins face-off versus Ryan Hamilton in Sharks zone.
17:34 of 3rd period - Snap shot by Jordan Schroeder.
17:34 of 3rd period - Shot Misses the Net.
17:35 of 3rd period - Penalty to Mike Halmo is over, Mike Halmo is back on ice.
17:36 of 3rd period - Snap shot by Daniel Carcillo.
17:36 of 3rd period - Shot Blocked by Dominik Uher.
17:38 of 3rd period - Wrist shot by Jordan Schroeder.
17:38 of 3rd period - Stopped by Dov Grumet-Morris with a rebound.
17:40 of 3rd period - Snap shot by Yannick Weber.
17:40 of 3rd period - Goal by Yannick Weber - Sharks : 1 - Wolves : 5.
17:41 of 3rd period - Louis Leblanc wins face-off versus Cedric Paquette in neutral zone.
17:48 of 3rd period - Snap shot by Tom Kostopoulos.
17:48 of 3rd period - Stopped by Scott Wedgewood with a rebound.
18:44 of 3rd period - Slapshot by Ryan Hamilton.
18:44 of 3rd period - Shot Misses the Net.
18:46 of 3rd period - Snap shot by Andy Andreoff.
18:46 of 3rd period - Shot Misses the Net.
18:48 of 3rd period - Wrist shot by Patrick McNeill.
18:48 of 3rd period - Shot Blocked by Corbin McPherson.
18:50 of 3rd period - Slapshot by Xavier Ouellet.
18:50 of 3rd period - Shot Misses the Net.
18:52 of 3rd period - Wrist shot by Alexandre Bolduc.
18:52 of 3rd period - Stopped by Scott Wedgewood with a rebound.
18:56 of 3rd period - Snap shot by Alexandre Bolduc.
18:56 of 3rd period - Shot Misses the Net.
18:58 of 3rd period - Wrist shot by Xavier Ouellet.
18:58 of 3rd period - Stopped by Scott Wedgewood with a rebound.
19:00 of 3rd period - Slapshot by Xavier Ouellet.
19:00 of 3rd period - Stopped by Scott Wedgewood with a rebound.
19:02 of 3rd period - Wrist shot by Andy Andreoff.
19:02 of 3rd period - Shot Misses the Net.
19:04 of 3rd period - Slapshot by Alexandre Bolduc.
19:04 of 3rd period - Stopped by Scott Wedgewood without a rebound.
19:05 of 3rd period - Jordan Schroeder wins face-off versus Marek Hrivik in Wolves zone.
19:30 of 3rd period - Minor Penalty to Kent Huskins for Hooking.
19:31 of 3rd period - Chris Terry wins face-off versus Dominik Uher in Wolves zone.
19:41 of 3rd period - Snap shot by Luke Glendening.
19:41 of 3rd period - Shot Blocked by Chris Terry.
19:43 of 3rd period - Slapshot by Mike Halmo.
19:43 of 3rd period - Shot Misses the Net.
Goals for this period are 0 for Sharks vs 5 for Wolves.
Shots for this period are 9 for Sharks vs 16 for Wolves.


Output by the SimonT Hockey Simulator (STHS) for Eric Dolegowski -- Original Page W3C XHTML 1.0 Valid
Hockey Simulator - Hockey Simulation - Hockey Manager